wizbiz, neutral female human Wizard ---- ---- ---------------- --.[-- --..| |............|.-- |....| |...--- |..-------......----------------------...-- |.^...| ---- --............................[..-- ---- --.u@..| --- --.....-------------..------..<%)-- |..------......---.| --.....| ------.....---%.....| |..................| |..--.--- |..|.............--.--- |...-----..----f...| -----...| |...-...........--|...-------- ---.--- ---- --...-- |....--- --.............-- --.........| |...--- |....| --.....| --.............| |...-----.----- |--...-- ---:.| |...-.---.....----....-------.-- |.....---......| -.-- |.........[...| |.....|..| --- ---...........-- |.-- ---....).....-- ----....-- |............| .. --.........-- --...-- |>...........-- ... |..........--- ---..--- --.|..........-- ...- --...........--- --...| ----..........- ---- |.............| |...| |.....|.....- |....---.|....| |..-- --.|.----.`..| --..-- -------- ---- ----- ----- ---- wizbiz the Thaumaturge Experience level: 7 Strength: 12 Dexterity: 11 Constitution: 16 Intelligence: 18 Wisdom: 13 Charisma: 8 Health: 0(50) Energy: 56(61) Def: 6 Gold: 303 Moves: 5237 Dungeon seed: Hx4pqcieSb43IIZ7 Game ID: wizbiz_1527220515 Your Inventory: Coins $ - 303 gold pieces Amulets v - an uncursed amulet of unchanging G - an uncursed amulet of ESP (being worn) L - an uncursed amulet versus poison Weapons a - a blessed +7 quarterstaff (weapon in hands) h - a +0 orcish dagger r - 7 +0 arrows A - 2 +0 elven daggers Q - 10 +0 orcish arrows T - a +0 sling V - 10 blessed +1 crossbow bolts W - 2 +0 daggers Y - 22 +0 darts Armor q - an uncursed +0 chain mail (being worn) s - an uncursed +0 cloak of magic resistance (being worn) Comestibles H - an uncursed sprig of wolfsbane M - 2 uncursed apples Scrolls j - an uncursed scroll of scare monster o - a blessed scroll of taming t - a cursed scroll of light w - a cursed scroll of fire x - 2 uncursed scrolls of teleportation C - an uncursed scroll of magic mapping R - a cursed scroll of gold detection Potions k - an uncursed potion of sickness p - a cursed potion of sleeping K - a potion of holy water P - 2 uncursed potions of healing S - an uncursed potion of full healing X - a cursed potion of levitation Rings c - an uncursed +2 ring of adornment d - an uncursed ring of conflict O - a cursed -2 ring of gain constitution Wands b - a wand of light (0:12) J - a wand of speed monster (0:4) Tools e - an uncursed lock pick f - an uncursed towel i - 7 blessed tallow candles (0:200) n - an uncursed blindfold F - an uncursed towel I - 9 uncursed tallow candles (0:200) U - an uncursed wax candle (0:400) Gems g - 2 uncursed worthless pieces of white glass u - 2 uncursed worthless pieces of red glass y - an uncursed worthless piece of green glass z - 2 uncursed worthless pieces of yellowish brown glass N - 2 uncursed worthless pieces of orange glass Z - an uncursed worthless piece of violet glass Spells and supernatural/magical abilities: Name Level Category Fail Memory a - force bolt 1 attack 40% 74% I - identify 3 divination 100% 74% L - levitation 4 escape 100% 80% R - restore ability 4 healing 100% 82% W - pray for help -- divine ? -- Your skills at the end: Fighting Skills Weapon Skills quarterstaff [Basic] Spellcasting Skills attack spells [Basic] enchantment spells [Basic] Final Attributes: You were piously aligned. You were poison resistant. You were magic-protected. You were telepathic. You are dead. Vanquished creatures: a gnome king a lizard a dog a gnome mummy an imp a yellow light 4 shriekers a violet fungus 4 gnome lords 2 gnomish wizards a golden naga hatchling a gray ooze a little dog 7 dwarves a homunculus a kobold lord a kobold shaman 5 rothes a centipede 2 giant bats 3 dwarf zombies a wererat an iguana 4 hobbits 4 manes a large kobold 5 giant rats a green mold a red mold 15 gnomes a gnome zombie 2 geckos 4 jackals a kobold 3 goblins a sewer rat 14 grid bugs a bat 5 lichens a kobold zombie 6 newts 113 creatures vanquished. Voluntary challenges: You used a wielded weapon 76 times, starting on turn 14. You read items or engraved 35 times, starting on turn 437. You never genocided any monsters. You never polymorphed an object. You never changed form. You used no wishes. You never split a pudding. You never wrote Elbereth's name. You never violated your personal moral code. Dungeon overview: The Dungeons of Doom: levels 1 to 8 Level 1 a long staircase Level 2 a scroll shop Level 3 an altar to Thoth, a fountain, a sink Level 4 a fountain stairs to The Gnomish Mines Level 5 Level 6 Level 7 a fountain Level 8 many fountains The Gnomish Mines: levels 5 to 7 Level 5 stairs to The Dungeons of Doom Level 6 <- You were here Level 7 History has recorded: On T:1 you entered the Dungeons of Doom to retrieve the Amulet of Yendor! On T:356 you reached level 2 of The Dungeons of Doom. On T:847 you reached level 3 of The Dungeons of Doom. On T:893 you advanced to experience level 2. On T:1051 you advanced to experience level 3. On T:1240 you reached level 4 of The Dungeons of Doom. On T:1404 you reached level 5 of The Dungeons of Doom. On T:1825 you reached level 1 of The Gnomish Mines. On T:1852 you advanced to experience level 4. On T:1949 you reached level 6 of The Dungeons of Doom. On T:2188 you reached level 7 of The Dungeons of Doom. On T:2958 you advanced to experience level 5. On T:3356 you reached level 8 of The Dungeons of Doom. On T:3472 you advanced to experience level 6. On T:4645 you reached level 2 of The Gnomish Mines. On T:4926 you advanced to experience level 7. On T:5168 you reached level 3 of The Gnomish Mines. Score breakdown: Gold: 303 ( 8445 points) Experience: 7 levels (13645 points) Exploration: 8 levels ( 15.38%) (11114 points) Discoveries: 14 items ( 4.88%) ( 6625 points) Valuables value: (no points given unless you survive) Artifact value: 0 ( 0 points) Variety of kills: 41 monsters ( 10.76%) ( 9841 points) Turncount: 5237 turns (-1423 points) Survival: died (score multiplied by 80%) Total score: 38597 Latest messages: You fall down the stairs. You have a little trouble lifting k - a potion of sickness. You stop exploring. You feel a wrenching sensation. You stop exploring. (2x) You start equipping your chain mail. You take off your cloak of magic resistance. You are now wearing a chain mail. You are now wearing a cloak of magic resistance. The black unicorn butts! The black unicorn misses. The black unicorn butts! The black unicorn kicks! The spell misses the black unicorn. You feel more confident in your spell casting skills. The black unicorn butts! The black unicorn kicks! The black unicorn butts! The black unicorn kicks! The black unicorn butts! The black unicorn kicks! You die... Final status: Goodbye wizbiz the Wizard, killed by a black unicorn... You died in The Gnomish Mines on dungeon level 6 with 38597 points, and 303 pieces of gold, after 5237 moves. You were level 7 with a maximum of 50 hit points when you died.